 Dungeon Crawl Stone Soup version 0.29.1-1-gd02db6906a (webtiles) character file.

Game seed: 12985308504612521016

209 Demigod47 the Cudgeller (level 5, 46/46 HPs)
             Began as a Minotaur Fighter on Oct 11, 2022.
             Quit the game on level 2 of the Dungeon on Oct 13, 2022.
             The game lasted 00:04:23 (2638 turns).

Demigod47 the Cudgeller (Minotaur Fighter)          Turns: 2638, Time: 00:04:23

Health: 46/46      AC:  7    Str: 22    XL:     5   Next: 55%
Magic:  4/4        EV:  9    Int:  5    God:
Gold:   102        SH:  4    Dex: 10    Spells: 4/4 levels left

rFire   + . .      SeeInvis .   a - +0 flail
rCold   x . .      Faith    .   c - +0 buckler
rNeg    + . .      Spirit   .   b - +0 scale mail
rPois   .          Reflect  .   (helmet restricted)
rElec   .          Harm     .   (no cloak)
rCorr   .          Rampage  .   (no gloves)
Will    .....                   (no boots)
Stlth   ..........              (no amulet)
HPRegen 0.15/turn               i - ring of fire
MPRegen 0.09/turn               m - ring of positive energy

@: no status effects
A: horns 2, retaliatory headbutt
a: no special abilities


You were on level 2 of the Dungeon.
You visited 1 branch of the dungeon, and saw 2 of its levels.

You collected 102 gold pieces.

Inventory:

Hand Weapons
 a - a +0 flail (weapon)
Armour
 b - a +0 scale mail (worn)
 c - a +0 buckler (worn)
Jewellery
 i - a ring of fire (left hand)
 m - a ring of positive energy (right hand)
Scrolls
 e - 2 scrolls of noise {unknown}
 h - 3 scrolls of teleportation {unknown}
 k - a scroll of magic mapping {unknown}
Potions
 d - a potion of might
 f - a potion of degeneration {unknown}
 g - a potion of heal wounds {unknown}
 j - a potion of haste {unknown}
 l - a potion of flight {unknown}


   Skills:
 + Level 4.2 Fighting
 * Level 5.3 Maces & Flails
 + Level 4.9 Armour
 + Level 0.8 Dodging
 + Level 4.2 Shields


You had 4 spell levels left.
You didn't know any spells.
Your spell library contained the following spells:

 Spells                   Type           Power      Damage    Failure   Level
 Summon Small Mammal      Summ           0%         N/A       86%         1
 Call Canine Familiar     Summ           0%         N/A       99%         3
 Summon Guardian Golem    Hex/Summ       0%         N/A       99%         3


Dungeon Overview and Level Annotations

Branches:
Dungeon (2/15)

Altars:


Innate Abilities, Weirdness & Mutations

You have a pair of horns on your head.
You reflexively headbutt those who attack you in melee.


Message History

Natasha is heavily wounded.
Natasha claws you.
You sock Natasha!
You kill Natasha!
Natasha screams in pain as she dies!
The white imp disappears in a puff of smoke!
You see here the felid corpse of Natasha.
You see here the felid corpse of Natasha.
An adder comes into view.
The adder hisses angrily.
An adder is nearby!
The adder bites you.
You are poisoned.
The adder poisons you!
You barely miss the adder.
You feel sick. You block the adder's attack.
You miss the adder. Your headbutt misses the adder.
You feel sick. You block the adder's attack.
The adder bites you but does no damage.
You sock the adder!
You kill the adder!
You feel sick.
You feel sick.
You are no longer poisoned.
You see here an adder corpse.
You open the door.
There is an open door here.
There is an open door here.
There is an escape hatch in the floor here.
There is an open door here.
You open the door.
There is an open door here.
Done exploring.
Done exploring.
Done exploring.
Welcome back, Demigod47 the Minotaur Fighter.
Press ? for a list of commands and other information.
Unknown command.
Unknown command.
Unknown command.
Unknown command.
Are you sure you want to abandon this character and quit the game? (Confirm with "yes".)

##### ######## ####...#####
#......#
#..'...'..@######.###.#####
#.##...###.#...............
#.##...###.#.####.###...)..
#.##....##.#.#......#......
#.##....##.#.#....#.#.#####
#>##....~#.#.######........
#.#.....~###.......>#######
#.#.###~~~########.....#...
#.#....#~~##........##.#.##


There were no monsters in sight!

Vanquished Creatures
  A black bear (D:2)
  Natasha (twice) (D:2)
  2 adders (D:2)
  2 dart slugs (D:1)
  3 endoplasms
  4 giant cockroaches
  4 goblins
  7 hobgoblins
  2 quokkas
  4 ball pythons
  4 bats
  5 frilled lizards
  4 kobolds
  6 rats
50 creatures vanquished.

Notes
Turn   | Place    | Note
-------+----------+-------------------------------------------
     0 | D:1      | Demigod47 the Minotaur Fighter began the quest for the Orb.
     0 | D:1      | Reached XP level 1. HP: 19/19 MP: 0/0
   320 | D:1      | Reached XP level 2. HP: 24/27 MP: 1/1
   689 | D:1      | Found a faded altar of an unknown god.
   723 | D:1      | Reached skill level 3 in Maces & Flails
  1241 | D:2      | Reached XP level 3. HP: 33/33 MP: 2/2
  1709 | D:2      | Noticed a black bear
  1718 | D:2      | Killed a black bear
  1719 | D:2      | Reached skill level 4 in Maces & Flails
  1719 | D:2      | Reached XP level 4. HP: 10/40 MP: 3/3
  1719 | D:2      | Reached XP level 5. HP: 12/46 MP: 4/4
  2041 | D:2      | Noticed Natasha
  2046 | D:2      | Killed Natasha
  2047 | D:2      | Reached skill level 5 in Maces & Flails
  2336 | D:2      | Noticed Natasha
  2344 | D:2      | Killed Natasha
  2638 | D:2      | Quit the game

Illustrated notes

Levels and vault maps discovered:
D:1:      dpeg_arrival_short_road, layout_basic,
          shapermc_ecumenical_altar_mp_urbaneastern
D:2:      layout_basic, serial_rivers, chequers_serial_rivers_marsh,
          chequers_serial_rivers_micro_d, chequers_serial_rivers_micro_b,
          chequers_serial_rivers_large_b, chequers_serial_rivers_micro_d,
          uniq_natasha

Skill      XL: |  1  2  3  4  5 |
---------------+----------------+-----
Maces & Flails | 3 4 5 |  5.3
Armour         | 4 |  4.9
Shields        | 4 |  4.2
Fighting       | 4 |  4.2
Dodging        | |  0.8

Action                   |  1- 3 |  4- 6 || total
-------------------------+-------+-------++-------
Melee: Flail             |    98 |    18 ||   116
       Headbutt          |     7 |     3 ||    10
Armor: Scale mail        |    61 |     5 ||    66
Dodge: Dodged            |    56 |     6 ||    62
Block: Buckler           |    20 |     3 ||    23
